 Dungeon Crawl Stone Soup version 0.23.2-33-g5129a83184 (webtiles) character file.

Game seed: 3054192736422190176

35 Descartes the Scratcher (level 3, -9/15 HPs)
             Began as a Felid Transmuter on July 31, 2019.
             Killed by divine providence
             ... invoked by an orc priest
              (14 damage)
             ... on level 2 of the Dungeon.
             The game lasted 00:02:50 (1504 turns).

Descartes the Scratcher (Felid Transmuter)          Turns: 1504, Time: 00:02:50

Health: -9/15      AC:  1    Str:  6    XL:     3   Next: 16%
Magic:  7/7        EV: 18    Int: 14    God:
Gold:   50         SH:  0    Dex: 17    Spells: 3/6 levels left
                                        Lives:  0   Deaths: 0

rFire    . . .     SeeInvis +     - Unarmed
rCold    . . .     Gourm    .   (shield unavailable)
rNeg     . . .     Faith    .   (armour unavailable)
rPois    .         Spirit   .   (helmet unavailable)
rElec    .         Reflect  .   (cloak unavailable)
rCorr    .         Harm     .   (gloves unavailable)
MR       +....                  (boots unavailable)
Stlth    +++.......             (no amulet)
HPRegen  0.05/turn              k - ring of protection from magic
MPRegen  0.10/turn              (no ring)

@: quick
A: very small, no armour, no weapons or thrown items, stealth, claws 1, fangs 3,
see invisible, carnivore, speed 1, shaggy fur 1, slow metabolism 1, sharp paws
a: no special abilities


You were on level 2 of the Dungeon.
You were completely stuffed.

You visited 1 branch of the dungeon, and saw 2 of its levels.

You collected 50 gold pieces.

Inventory:

Missiles
 a - 37 arrows
Jewellery
 k - a ring of protection from magic (left paw)
Scrolls
 b - a scroll of immolation {unknown}
 d - a scroll of identify {unknown}
 i - a scroll of magic mapping {unknown}
Potions
 e - a potion of lignification {unknown}
 g - a potion of agility {unknown}
 h - a potion of degeneration {unknown}
 j - a potion of curing {unknown}
Comestibles
 c - 7 rations
 f - 3 chunks of flesh


   Skills:
 + Level 1.3 Fighting
 + Level 3.0 Dodging
 * Level 2.3 Stealth
 + Level 3.1 Unarmed Combat
 + Level 2.3 Spellcasting
 + Level 2.3 Transmutations


You had 3 spell levels left.
You knew the following spells:

 Your Spells              Type           Power        Failure   Level  Hunger
a - Beastly Appendage     Tmut           #.....       9%          1    #......
b - Sticks to Snakes      Tmut           #.......     13%         2    ###....

Your spell library contained the following spells:

 Spells                   Type           Power        Failure   Level  Hunger
 Spider Form              Tmut/Pois      #.........   38%         3    ###....
 Ice Form                 Ice/Tmut       #.......     80%         4    #####..
 Blade Hands              Tmut           #.........   94%         5    ######.


Dungeon Overview and Level Annotations

Branches:
Dungeon (2/15)

Altars:
Ashenzari
Ru


Innate Abilities, Weirdness & Mutations

You cannot wear armour.
You are incapable of wielding weapons or throwing items.
Your paws allow you to move quietly. (Stealth)
You have sharp claws.
You have razor-sharp teeth.
You have supernaturally acute eyesight. (SInv)
You are carnivorous and can eat meat at any time.
You cover ground quickly.
You are covered in fur. (AC +1)
You have a slow metabolism.
Your sharp claws are effective at attacking unaware monsters.


Message History

Casting: Beastly Appendage (safe; 9% risk of failure)
Confirm with . or Enter, or press ? or * to list all spells.
You grow a pair of large bovine horns.
Your transformation is almost over.
An orc priest comes into view. It is wielding a +2 mace of protection.
The orc shouts!
The orc priest shouts!
You scratch the orc. You bite the orc.
The orc is heavily wounded.
The orc priest mumbles some strange prayers to Beogh against you.
Beogh smites you!
Ouch! That really hurt!
You scratch the orc. You headbutt the orc.
The orc is severely wounded.
Your horns disappear.
The orc priest calls upon Beogh to heal the orc.
The orc's wounds heal themselves!
The orc priest calls down the wrath of Beogh upon you.
Beogh smites you!
Ouch! That really hurt!
You die...

......# ###......##....##.
......# ##................
......#####...............##
.............#..........#.#
......####...#...[.#....#.#
......###..###.>..##....# #
.....###..## ###.###.#....
....####.## #># #.#.#..#
##..#....# #@###.#>#..#
###.#.#### #.......#..#
#.._..# #####...........
#.#.### .......o....##..#
### #...#
######..o...##..###.. .....
#.#...###....o.### ...##
#...#..##...##...o ...
####..###o##...#..... ###
#.....###.##..#......


You could see an orc priest and 2 orcs.

Vanquished Creatures
  2 dart slugs (D:1)
  A leopard gecko (D:1)
  A ball python (D:1)
  A giant cockroach (D:1)
  5 goblins
  4 hobgoblins
  5 kobolds (D:1)
  2 bats (D:1)
  5 frilled lizards
  3 rats
29 creatures vanquished.

Notes
Turn   | Place    | Note
-------+----------+-------------------------------------------
     0 | D:1      | Descartes the Felid Transmuter began the quest for the Orb.
     0 | D:1      | Reached XP level 1. HP: 9/9 MP: 4/4
   232 | D:1      | Reached skill level 1 in Stealth
   462 | D:1      | Reached XP level 2. HP: 12/12 MP: 4/6
  1223 | D:2      | Found a sacrificial altar of Ru.
  1288 | D:2      | Reached XP level 3. HP: 12/15 MP: 5/7
  1295 | D:2      | Learned a level 2 spell: Sticks to Snakes
  1369 | D:2      | Found a shattered altar of Ashenzari.
  1504 | D:2      | Killed from afar by an orc priest

Skill      XL: |  1  2 |
---------------+-------+-----
Stealth        | 1 2 |  2.3
Dodging        | 3 |  3.0
Fighting       | |  1.3
Unarmed Combat | |  3.1
Spellcasting   | |  2.3
Transmutations | |  2.3

Action                   || total
-------------------------++-------
Melee: Unarmed           ||    51
       Headbutt          ||     5
       Bite              ||     2
 Cast: Beastly Appendage ||    23
 Stab: Sleeping          ||     5
  Eat: Chunk             ||     9
Armor: Skin              ||     1
Dodge: Dodged            ||    22
